Map: Magannatha LE

Players

sebesdes - Winner!

  • Race: Protoss Protoss
  • League: Master
  • Spawn Location: 5:00

Kelazhur

  • Race: Terran Terran
  • League: Master
  • Spawn Location: 11:00

Event: HomeStory Cup XXVII

VOD

Have the link to the VOD?

Description

Time

  • Played on: June 28, 2025, 12:45 p.m.
  • Length: 8:22

All games in this series

Show
View Real Time Build Order
Export as new Build Order

sebesdes Protoss - Winner!

Build Orders: 1 Gate Expand, Blink Stalkers 

Get SALT Encoding   

  12  0:00  Probe  
  13  0:12  Probe  
  14  0:17  Pylon  
  14  0:23  Probe  
  15  0:31  Probe  
  15  0:37  Gateway  
  15  0:39  Probe  
  16  0:45  Assimilator  
  17  0:50  Probe  
  18  1:03  Probe  
  19  1:15  Probe  
  20  1:21  Nexus  
  20  1:30  Cybernetics Core  
  20  1:33  Probe  
  20  1:39  Assimilator  
  21  1:45  Probe  
  22  1:49  Pylon  
  22  1:57  Probe  
  22  1:59  Sentry  
  23  2:06  Warp Gate  
  25  2:09  Probe  
  26  2:17  Stalker  
  26  2:22  Probe  
  29  2:30  Gateway  
  29  2:34  Probe, Twilight Council  
  29  2:36  Probe  
  31  2:41  Blink  
  31  2:44  Stalker  
  31  2:47  Probe  
  31  2:49  Probe  
  35  2:59  Probe  
  35  3:01  Probe  
  37  3:07  Gateway  
  37  3:12  Probe  
  38  3:13  Probe  
  38  3:16  Stalker  
  41  3:24  Probe  
  41  3:25  Probe  
  43  3:30  Pylon  
  43  3:36  Probe  
  43  3:37  Probe  
  45  3:48  Probe  
  46  3:50  Probe  
  46  3:54  Stalker  
  49  3:56  Pylon, Stalker  
  51  4:04  Nexus  
  51  4:08  Stalker  
  53  4:10  Probe  
  53  4:15  Robotics Facility  
  54  4:18  Stalker  
  54  4:19  Probe  
  54  4:22  Probe  
  58  4:25  Stalker  
  60  4:31  Probe  
  60  4:34  Probe, Assimilator  
  55  4:54  Probe  
  55  4:57  Stalker x3  
  62  5:11  Assimilator  
  62  5:12  Pylon, Probe x2  
  62  5:13  Probe  
  62  5:16  Observer  
  62  5:20  Probe x2  
  68  5:33  Stalker x3  
  68  5:35  Probe  
  74  5:40  Probe  
  74  5:47  Forge  
  74  5:48  Probe  
  75  5:50  Gateway  
  75  5:51  Probe  
  75  5:53  Gateway  
  75  5:59  Probe, Stalker x3  
  72  6:08  Probe  
  72  6:10  Protoss Ground Weapons Level 1, Charge  
  73  6:11  Probe  
  73  6:14  Probe  
  73  6:16  Gateway  
  75  6:18  Probe  
  75  6:23  Probe  
  76  6:25  Probe  
  76  6:26  Pylon  
  76  6:27  Gateway  
  76  6:28  Probe  
  79  6:37  Probe  
  80  6:44  Probe  
  77  6:54  Probe  
  77  6:56  Probe  
  77  6:57  Pylon, Zealot x4  
  85  7:03  Probe  
  85  7:07  Gateway  
  84  7:13  Robotics Bay  
  84  7:18  Warp Prism  
  84  7:24  Nexus  
  84  7:26  Pylon, Zealot x6  
  94  7:32  Probe  
  94  7:34  Stalker  
  94  7:36  Probe  
  98  7:46  Stalker x5  
  98  7:50  Probe  
  109  7:57  Pylon  
Show
View Real Time Build Order
Export as new Build Order

Kelazhur Terran 

Build Orders:  

Get SALT Encoding   

  12  0:00  SCV  
  13  0:12  SCV  
  14  0:17  Supply Depot  
  14  0:24  SCV  
  15  0:32  Refinery  
  15  0:38  SCV  
  16  0:44  Barracks  
  16  0:50  SCV  
  17  1:02  SCV  
  18  1:14  SCV  
  19  1:30  Marine  
  19  1:31  Orbital Command  
  20  1:33  Factory  
  20  1:49  Command Center  
  20  1:53  Barracks Reactor  
  20  2:00  Supply Depot  
  20  2:05  SCV  
  21  2:17  SCV  
  22  2:26  Supply Depot  
  22  2:29  SCV  
  23  2:32  Hellion x2  
  27  2:41  SCV  
  28  2:44  Starport  
  28  2:48  Refinery  
  28  2:53  SCV  
  28  2:54  Hellion x2  
  33  3:01  Orbital Command  
  33  3:05  SCV  
  34  3:17  Widow Mine x2  
  34  3:18  SCV  
  39  3:27  Medivac  
  39  3:28  SCV  
  39  3:29  Supply Depot  
  39  3:31  Barracks Tech Lab  
  39  3:32  SCV  
  43  3:42  Widow Mine x2  
  43  3:43  SCV  
  43  3:44  SCV  
  49  3:50  Marine  
  49  3:52  Supply Depot  
  49  3:55  SCV  
  51  3:56  SCV  
  51  3:57  Bunker  
  52  4:07  SCV  
  52  4:08  SCV  
  54  4:12  Barracks  
  54  4:13  Barracks  
  54  4:15  Factory Tech Lab  
  54  4:19  SCV  
  55  4:24  Marine  
  55  4:25  Supply Depot  
  55  4:29  SCV  
  57  4:31  SCV  
  57  4:34  Refinery  
  57  4:35  Refinery  
  58  4:41  SCV  
  57  4:46  Marine, SCV  
  57  4:50  Siege Tank  
  52  4:53  Starport Reactor, SCV  
  52  4:58  SCV  
  52  5:03  Engineering Bay  
  52  5:04  Marine x3  
  52  5:05  SCV  
  56  5:10  SCV  
  57  5:16  Marauder  
  57  5:17  Command Center, SCV  
  60  5:22  SCV  
  60  5:23  Siege Tank  
  62  5:29  SCV  
  62  5:34  Marine x2, SCV  
  62  5:41  SCV  
  62  5:42  Marine  
  59  5:43  Marine  
  59  5:48  SCV  
  61  5:52  Marine x2  
  59  6:00  Marine  
  59  6:01  Marine  
  59  6:02  SCV  
  59  6:03  SCV  
  53  6:09  Marine  
  52  6:11  Marine  
  52  6:14  SCV  
  52  6:15  SCV  
  55  6:18  Terran Infantry Weapons Level 1  
  55  6:23  Starport Reactor  
  55  6:24  Widow Mine  
  57  6:26  SCV  
  57  6:27  Barracks Tech Lab, SCV  
  57  6:29  Marine x2  
  57  6:30  Marauder, Orbital Command, Stimpack  
  63  6:39  SCV  
  59  6:40  Bunker  
  50  6:52  Marauder, Marine x3  
  50  6:53  SCV  
  47  6:57  Combat Shield  
  47  6:58  SCV  
  46  7:01  SCV  
  44  7:09  Bunker  
  44  7:10  Marine  
  44  7:11  Marauder  
  44  7:12  Marine  
  44  7:13  SCV x2  
  44  7:14  SCV  
  48  7:18  Marauder  
  45  7:25  SCV  
  45  7:28  Marine  
  45  7:29  SCV  
  44  7:31  Marine  
  44  7:32  Marauder  
  44  7:33  SCV  
  45  7:37  Medivac  
  45  7:39  Marauder  
  45  7:41  SCV x2  
  51  7:46  Medivac  
  51  7:47  SCV  
  51  7:51  Marine x2  
  56  7:53  Factory Reactor  
  56  7:54  Marauder, SCV x2  
  60  8:01  Marauder  
  60  8:03  SCV  
  63  8:06  SCV  
Tags
 
Add a new tag
Caveats
  • Supply blocks, unpowered buildings, or Contaminate may cause inaccurate times.
  • Supply counts are checked every 10 seconds.